 Dungeon Crawl Stone Soup version 0.18-a0-1685-g4482fe3 (webtiles) character file.

84 seren the Sneak (level 4, 0/30 HPs)
             Began as a Vampire Enchanter on Apr 4, 2016.
             Was an Initiate of Kikubaaqudgha.
             Killed from afar by an orc wizard (8 damage)
             ... with a puff of flame
             ... on level 3 of the Dungeon.
             The game lasted 00:11:53 (2526 turns).

seren the Sneak (Vampire Enchanter)                 Turns: 2526, Time: 00:11:55

Health: 0/30       AC:  3    Str: 12    XL:     4   Next: 24%
Magic:  3/7        EV: 12    Int: 22    God:    Kikubaaqudgha [......]
Gold:   120        SH:  0    Dex: 15    Spells: 3 memorised, 1 level left

rFire  . . .     SeeInvis +     a - +1 dagger
rCold  + . .     Gourm    .     b - +1 robe
rNeg   + + .     Faith    +     (no shield)
rPois  +         Spirit   .     (no helmet)
rElec  .         Dismiss  .     (no cloak)
rCorr  .         Reflect  .     (no gloves)
SustAt .         Harm     .     (no boots)
MR     .....                    e - amulet of faith (curse)
Stlth  ++++......               (no ring)
                                (no ring)

@: mighty, brilliant, regenerating slowly, not resistant to hostile
enchantments, stealthy
A: fangs 3, see invisible, unbreathing
a: Bat Form, Renounce Religion


You were on level 3 of the Dungeon.
You worshipped Kikubaaqudgha.
Kikubaaqudgha was noncommittal.
You were thirsty.

You visited 1 branch of the dungeon, and saw 4 of its levels.

You collected 120 gold pieces.

Inventory:

Hand Weapons
 a - a +1 dagger (weapon)
 n - a +0 long sword
Missiles
 f - 77 stones (quivered)
Armour
 b - a +1 robe (worn)
Jewellery
 e - a cursed amulet of faith (around neck)
Scrolls
 g - a scroll of teleportation {unknown}
 i - a scroll of random uselessness {unknown}
 k - 3 scrolls of identify {unknown}
 l - 3 scrolls of remove curse {unknown}
Potions
 d - 17 potions of blood
 o - a potion of degeneration {unknown}
 p - a potion of flight {unknown}
Books
 c - a book of Maledictions

   Spells                             Type                      Level
   a - Corona                         Hexes                        1
   b - Ensorcelled Hibernation        Hexes/Ice                    2
   c - Confuse                        Hexes                        3
   d - Tukima's Dance                 Hexes                        3
   e - Dazzling Spray                 Conjuration/Hexes            3


   Skills:
 - Level 0.1 Fighting
 + Level 2.0 Short Blades
 - Level 2.1 Dodging
 + Level 6.0 Stealth
 - Level 2.0 Spellcasting
 * Level 5.8 Hexes


You had one spell level left.
You knew the following spells:

 Your Spells              Type           Power        Failure   Level  Hunger
a - Corona                Hex            #####..      1%          1    #......
d - Tukima's Dance        Hex            #####...     1%          3    ###....
e - Ensorcelled Hibernat  Hex/Ice        ####..       1%          2    ##.....


Dungeon Overview and Level Annotations

Branches:
Dungeon (4/15)
 Temple: D:4-7

Altars:
Kikubaaqudgha
Pakellas

Annotations:
D:3 Grinder; namelastname112's ghost, amateur DrMo


Innate Abilities, Weirdness & Mutations

You heal slowly.
You have razor-sharp teeth.
You have supernaturally acute eyesight.
You can survive without breathing.


Message History

The orc closely misses you.
You bump into the rock wall.
The orc wizard closely misses you. The orc barely misses you.
You barely miss the orc wizard.
You feel less confused.
The orc wizard hits you but does no damage.
You puncture the orc wizard!
The orc wizard is severely wounded.
The orc hits you but does no damage. The orc wizard casts a spell at you.
The puff of flame hits you!
* * * LOW HITPOINT WARNING * * *
You hit the orc wizard but do no damage.
The orc wizard is severely wounded.
The orc hits you with a flail.
* * * LOW HITPOINT WARNING * * *
The orc wizard gestures at you while chanting.
The puff of flame hits you!
You die...
Kikubaaqudgha rasps: "You have failed me!
Welcome... oblivion!"

### ..#
#.# #.#
### #o#
..##@##
#.#†o###
##.....#
#...÷.#.#
#.##..##
.### ##
#.## #..
#.#
##.###.##
##.#
#..#.#
...
##'#.#


You could see an orc wizard (invisible) and an orc.

Vanquished Creatures
  2 adders (D:2)
  A worm (D:2)
  A dart slug (D:1)
  2 giant geckos (D:1)
  7 orcs
  3 bats
  4 giant cockroaches
  5 hobgoblins
  6 jackals
  A ball python (D:1)
  5 goblins
  6 kobolds
  5 rats
48 creatures vanquished.

Notes
Turn   | Place    | Note
--------------------------------------------------------------
     0 | D:1      | seren the Vampire Enchanter began the quest for the Orb.
     0 | D:1      | Reached XP level 1. HP: 13/13 MP: 3/3
   601 | D:1      | Reached XP level 2. HP: 15/19 MP: 5/5
   605 | D:1      | Learned a level 2 spell: Ensorcelled Hibernation
   740 | D:1      | Reached skill level 5 in Stealth
   793 | D:1      | Reached skill level 5 in Hexes
  1190 | D:2      | Reached XP level 3. HP: 24/24 MP: 6/6
  1702 | D:2      | Learned a level 3 spell: Tukima's Dance
  1720 | D:2      | Found an oddly glowing altar of Pakellas.
  2033 | D:2      | Found an ancient bone altar of Kikubaaqudgha.
  2044 | D:2      | Became a worshipper of Kikubaaqudgha
  2139 | D:3      | Noticed namelastname112's ghost (amateur DrMo)
  2216 | D:3      | Noticed Grinder
  2248 | D:3      | Reached XP level 4. HP: 23/30 MP: 7/7
  2464 | D:4      | Noticed an ogre
  2466 | D:4      | Reached skill level 6 in Stealth
  2526 | D:3      | Killed from afar by an orc wizard

Vault maps used:
D:1:      onia_arrival_mini_maze_b
D:2:      lemuel_coloured_pillars_altar, grunt_pakellas_salt, first_bread
D:3:      lemuel_upstairs_altar, overflow_temple_1_default,
          lemuel_crystal_altar, minmay_ogre_servants, uniq_iyjb, uniq_grinder,
          uniq_sigmund
D:4:      lemuel_crystal_altar, kennysheep_small_circle

Skill      XL: |  1  2  3  4 |
---------------+-------------+-----
Stealth        | 5 6 |  6.0
Hexes          | 5 |  5.8
Short Blades   | 2 |  2.0
Fighting       | |  0.1
Dodging        | |  2.1
Spellcasting   | |  2.0

Action                   |  1- 3 |  4- 6 || total
-------------------------+-------+-------++-------
Melee: Dagger            |    91 |    17 ||   108
 Cast: Ensorcelled Hiber |    17 |     7 ||    24
  Use: Potion            |     4 |     3 ||     7
 Stab: Sleeping          |    23 |     7 ||    30
